 Dungeon Crawl Stone Soup version 0.14-a0-3445-g2afddda (webtiles) character file.

82651 wanderscummer the Fighter (level 15, 0/84 HPs)
             Began as a Vine Stalker Wanderer on Mar 18, 2014.
             Was the Champion of Okawaru.
             Slain by a fire elemental (4 damage)
             ... led by Azrael
             ... on Level 15 of the Dungeon on Mar 23, 2014.
             The game lasted 02:27:46 (21066 turns).

wanderscummer the Fighter (Vine Stalker Wanderer)  Turns: 21066, Time: 02:27:46

HP   0/84        AC 18     Str 21      XL: 15   Next: 65%
MP   0/28        EV 16     Int 17      God: Okawaru [******]
Gold 2578        SH 12     Dex 19      Spells:  4 memorised,  7 levels left

rFire  + . .     SeeInvis +     a - +5,+4 demon whip (elec)
rCold  x . .     Clarity  .     X - +2 ring mail {rPois}
rNeg   + . .     Conserve .     I - +0 buckler
rPois  +         rCorr    .     s - +0 mask of the Dragon {MR+ Acc+3 Dam+3 SInv}
rElec  .         rRot     +     r - +2 cloak
SustAb . .       Spirit   +     C - +3 pair of gloves "Shexemec" {Str+2 Int+3}
rMut   .         Warding  +     v - +2 pair of boots
Saprov . . .     Stasis   .     L - amulet of warding
MR     ++++.                    E - ring of fire
                                V - ring of the Mage {Wiz MR++ Int+3}

@: very slightly contaminated, hasted, very quick, incredibly resistant to
hostile enchantments, very stealthy
A: fangs 3, thin skeletal structure 1, regeneration 3, magic shield, antimagic
bite, no device heal
a: Heroism, Finesse, Renounce Religion


You were on level 15 of the Dungeon.
You worshipped Okawaru.
Okawaru was exalted by your worship.
You were hungry.

You visited 4 branches of the dungeon, and saw 28 of its levels.
You also visited: Ossuary.

You collected 3279 gold pieces.
You spent 701 gold pieces at shops.


Innate Abilities, Weirdness & Mutations

You have razor-sharp teeth.
You regenerate.
When hurt, damage is shared between your health and your magic reserves.
Your bite disrupts and absorbs the magic of your enemies.
Potions and wands cannot restore your HP.
You have a somewhat thin skeletal structure (Dex +2, Stlth).


   Skills:
 - Level 12.0 Fighting
 + Level 7.4 Long Blades
 - Level 10.3 Maces & Flails
   Level 6.5 Staves
 - Level 3.8 Armour
 - Level 8.6 Dodging
 - Level 9.7 Stealth
 - Level 4.0 Shields
 - Level 5.1 Spellcasting
 + Level 9.4 Translocations
 - Level 8.3 Invocations
 - Level 5.1 Evocations


You had 7 spell levels left.
You knew the following spells:

 Your Spells              Type           Power        Failure   Level  Hunger
a - Apportation           Tloc           #####.....   1%          1    None
b - Control Teleport      Chrm/Tloc      ###.......   12%         4    ####...
c - Controlled Blink      Tloc           N/A          94%         7    #######
q - Phase Shift           Tloc           #####.....   4%          5    #####..


Dungeon Overview and Level Annotations

Branches:
Dungeon (15/15)            Temple (1/1) D:6             Orc (4/4) D:9
    Elf (0/3) Orc:4          Lair (8/8) D:11          Swamp (0/5) Lair:5
 Spider (0/5) Lair:4        Slime (0/6) Lair:8
 Vaults: D:13-14     Depths: D:15

Altars:
Ashenzari
Cheibriados
Dithmenos
Elyvilon
Fedhas
Kikubaaqudgha
Makhleb
Nemelex Xobeh
Okawaru
Sif Muna
Trog
Vehumet
Xom
Yredelemnul
Zin
Beogh
Jiyva

Shops:
D:11 *   Orc:4 ([*

Portals:
Hell: Lair:8

Annotations:
D:11 exclusion: 2 oklob saplings, Erolcha
D:15 Azrael

Inventory:

Hand weapons
 a - a +5,+4 demon whip of electrocution (weapon)
   (You found it on level 8 of the Dungeon)
 o - the +3,+11 bastard sword of Midnight {venom, +Rage rPois Int+3, this great phallic weapon makes me doubt my sexuality}
   (Okawaru gifted it to you on level 12 of the Dungeon)

   It poisons the flesh of those it strikes.
   It affects your intelligence (+3).
   It protects you from poison.
   It lets you go berserk.
 w - a +0 blowgun
   (You found it on level 9 of the Dungeon)
 H - the +7,+4 whip of Conservatism {vamp, rF+, politics, ehehehe}
   (You found it on level 5 of the Dungeon)

   It inflicts no extra harm, but heals its wielder somewhat when it strikes a
   living foe.
   It protects you from fire.
Missiles
 M - 5 throwing nets (quivered)
 O - 12 curare-tipped needles
Armour
 r - a +2 cloak (worn)
   (You found it on level 4 of the Dungeon)
 s - the +0 mask of the Dragon (worn) {MR+ Acc+3 Dam+3 SInv}
   (You found it on level 3 of the Lair of Beasts)

   It affects your accuracy with ranged weapons and melee attacks (+3).
   It affects your damage with ranged weapons and melee attacks (+3).
   It affects your resistance to hostile enchantments.
   It enhances your eyesight.
 v - a +2 pair of boots (worn)
   (You found it on level 1 of the Lair of Beasts)
 C - the +3 pair of gloves "Shexemec" (worn) {Str+2 Int+3}
   (You acquired it on level 6 of the Lair of Beasts)

   It affects your strength (+2).
   It affects your intelligence (+3).
 F - the +1 pair of gloves "Xymuorro" {rElec rPois MR+}
   (You bought it in a shop on level 4 of the Orcish Mines)

   It insulates you from electricity.
   It protects you from poison.
   It affects your resistance to hostile enchantments.
 I - a +0 buckler (worn)
   (You took it off a spriggan on level 5 of the Lair of Beasts)
 K - a +2 leather armour of cold resistance
   (You found it on level 3 of the Lair of Beasts)
 X - a +2 ring mail of poison resistance (worn)
   (You bought it in a shop on level 4 of the Orcish Mines)
Magical devices
 i - a wand of teleportation (6)
   (You found it on level 7 of the Dungeon)
 m - a wand of fire (2)
   (You found it on level 7 of the Dungeon)
 x - a wand of disintegration (14) {acq}
   (You acquired it on level 10 of the Dungeon)
 y - a wand of cold (4)
   (You found it on level 2 of the Lair of Beasts)
 G - a wand of disintegration (6)
   (You took it off Psyche on level 3 of the Orcish Mines)
 N - a wand of hasting (8)
   (You took it off Harold on level 11 of the Dungeon)
 U - a wand of draining (6)
   (You found it on level 3 of the Lair of Beasts)
 W - a wand of hasting (2)
   (You found it on level 13 of the Dungeon)
 Y - a wand of digging (12)
   (You found it on level 13 of the Dungeon)
Comestibles
 b - 6 bread rations
 h - 7 meat rations
Scrolls
 j - 4 scrolls of teleportation
 k - 5 scrolls of remove curse
 l - a scroll of fog
 u - 2 scrolls of fear
 J - a scroll of blinking
 Q - a scroll of identify
 R - 5 scrolls of magic mapping
 S - 2 scrolls of silence
Jewellery
 g - an uncursed ring of flight
   (You found it on level 1 of the Dungeon)
 p - an uncursed ring of ice
   (You found it on level 3 of the Lair of Beasts)
 A - a +3 ring of dexterity
   (You found it on level 3 of the Lair of Beasts)
 E - a ring of fire (right hand)
   (You found it on level 10 of the Dungeon)
 L - an amulet of warding (around neck)
   (You found it on level 2 of the Lair of Beasts)
 V - the ring of the Mage (left hand) {Wiz MR++ Int+3}
   (You found it on level 3 of the Lair of Beasts)

   [ring of wizardry]

   It affects your intelligence (+3).
   It affects your resistance to hostile enchantments.
Potions
 d - 6 potions of curing
 e - 3 potions of resistance
 f - 3 potions of might
 n - 3 potions of restore abilities
 q - a potion of brilliance
 t - 3 potions of magic
 z - a potion of berserk rage
 D - 3 potions of agility
Miscellaneous
 c - a phial of floods
   (You found it on level 13 of the Dungeon)
 T - a fan of gales
   (You took it off a red devil on level 8 of the Lair of Beasts)

~~ ... ~~~ ....
..~~~ ..... 77.~.
7P.....#
77...77......#
.77..PPPP?....##
............u....
........@E)..# #
.......hEE¤..##.#
.........¤¤¤....#
.u?......¤¤¤......
...........¤.....<
.........R¤u.....
.....¤¤.¤¤...¤...
..##.¤..........
#.....¤...(..u


You could see Azrael, 3 ugly things, 3 fire elementals and a hell hound.


Message History

You hear a shout!
You whack the centaur warrior!
The centaur warrior is heavily wounded.
The centaur warrior hits you but does no damage.
Unknown command.
You whack the centaur warrior!
There is a sudden explosion of sparks!
You bite the centaur warrior. You drain its power.
You feel invigorated.
You kill the centaur warrior!
Okawaru accepts your kill. The fire elemental misses you.
Unknown command.
Unknown command.
Put on which piece of jewellery? (? for menu, Esc to quit)
You're wearing all the rings you can.
Remove which one? (? for menu, Esc to cancel) < or
V - the ring of the Mage {Wiz MR++ Int+3} > or
g - a ring of flight You remove your ring of flight.
The fire elemental closely misses you.
The purple ugly thing barely misses you.
You feel more attuned to fire.
E - a ring of fire (right hand)
The fire elemental misses you.
Unknown command.
Unknown command.
You thrash the fire elemental!!
The fire elemental is heavily damaged.
The fire elemental hits you. The fire elemental burns you! You resist.
Unknown command.
Unknown command.
You whack the fire elemental!
The fire elemental is almost destroyed.
The purple ugly thing engulfs you.
* * * LOW HITPOINT WARNING * * *
You block the fire elemental's attack. The fire elemental closely misses you.
Unknown command.
You whack the fire elemental!
You destroy the fire elemental!
The fire elemental barely misses you.
Unknown command.
Azrael throws fire at you.
The fireball explodes!
The fireball engulfs the hell hound.
The hell hound completely resists.
The fireball engulfs the purple ugly thing.
The fireball engulfs the fire elemental.
The fire elemental completely resists.
You hear a bellow!
A centaur comes into view.
You whack the purple ugly thing!
There is a sudden explosion of sparks!
You kill the purple ugly thing!
Okawaru accepts your kill. The fire elemental hits you.
The fire elemental burns you! You resist.
One of your 7 scrolls of remove curse catches fire!
Unknown command.
Unknown command.
You hit the fire elemental but do no damage.
Azrael throws fire at you.
The fireball explodes!
The fireball engulfs the fire elemental.
The fire elemental completely resists.
The fireball engulfs the hell hound.
The hell hound completely resists.
The fireball engulfs the fire elemental.
The fire elemental completely resists.
The fireball engulfs you! You resist.
One of your 5 scrolls of teleportation catches fire!
One of your 6 scrolls of remove curse catches fire!
One of your 3 scrolls of fear catches fire!
* * * LOW HITPOINT WARNING * * *
The fireball engulfs the fire elemental.
The fire elemental completely resists.
The centaur moves out of view.
The fire elemental hits you. The fire elemental burns you! You resist.
You die...

Action                   |  1- 3 |  4- 6 |  7- 9 | 10-12 | 13-15 || total
-------------------------+-------+-------+-------+-------+-------++-------
Melee: Quarterstaff      |    76 |    80 |    96 |       |       ||   252
       Whip              |       |       |   470 |    23 |       ||   493
       Demon whip        |       |       |       |   828 |  1309 ||  2137
       Trident           |       |       |       |    19 |       ||    19
 Fire: Blowgun           |       |    13 |     3 |       |       ||    16
Throw: Stone             |       |       |     2 |     1 |       ||     3
Invok: Heroism           |       |       |     3 |    10 |    13 ||    26
       Finesse           |       |       |       |       |     1 ||     1
 Abil: Evoke Invisibilit |       |       |       |     1 |     4 ||     5
       Turn Visible      |       |       |       |     1 |       ||     1
       Evoke Flight      |       |       |       |       |     2 ||     2
       Stop Flying       |       |       |       |       |     1 ||     1
Evoke: Wand              |       |       |     6 |    17 |     9 ||    32
  Use: Scroll            |       |     5 |    16 |    34 |    19 ||    74
       Potion            |       |       |     1 |     3 |     2 ||     6
 Stab: Sleeping          |     1 |       |     2 |     5 |    52 ||    60
       Invisible         |       |       |       |     1 |    10 ||    11
       Distracted        |       |       |       |       |     2 ||     2

Vault maps used:
D:1:      lightli_arrival_farm
D:2:      tso_altar, minmay_rat_gold_closets
D:3:      led_sif_pool
D:4:      trog_butcher_becter, uniq_pikel
D:5:      minmay_temple_entry_grid, first_bread, basic_altar
D:6:      temple_fountains, lightli_ossuary_entry_decrepit_ruins
D:9:      zombieorc2_lemuel
D:11:     lair_0_dummy, serial_shops, shop_statue, hangedman_tree_tricks,
          uniq_harold, uniq_erolcha
D:12:     st_stairs_2, hangedman_parallel_progression
D:13:     serial_glass, glass_columns_b, glass_columns_a, glass_columns_b,
          glass_columns_b, glass_columns_a, glass_columns_b, glass_columns_c,
          glass_columns_b, due_unseen_surprise, feat_on_display
D:14:     david_vaults_4, stair_cage_line, hangedman_decor_peaks_small,
          water_boxes_lemuel
D:15:     gammafunk_enter_depths_forms, serial_park_square1, uniq_azrael
Temple:   eino_wide_crystal_templ_15
Orc:1:    lightli_church_of_beogh
Orc:3:    nicolae_orc_pool_cavern, uniq_psyche
Orc:4:    basic_altar, grunt_orc_cross, guppyfry_library_mini
Lair:2:   serial_bayou_pond_d
Lair:3:   uniq_rupert, uniq_erica
Lair:4:   nicolae_spider_entry_non_spiders, serial_bayou_shore_a
Lair:5:   minmay_swamp_entry_reptiles, forest_entry_grove,
          lemuel_strawberry_fields, serial_bayou_shore_b
Lair:6:   minmay_lair_drake_nest, bh_autumn_forest_stairs, serial_bayou_shore_b
Lair:7:   uniq_fannar
Lair:8:   evil_forest, slime_altar_1, infiniplex_staircase_pool_2
Ossuary:  ossuary_crypta

Notes
Turn   | Place    | Note
--------------------------------------------------------------
     0 | D:1      | wanderscummer, the Vine Stalker Wanderer, began the quest for the Orb.
     0 | D:1      | Reached XP level 1. HP: 12/12 MP: 1/1
    62 | D:1      | Reached XP level 2. HP: 16/16 MP: 3/3
    84 | D:1      | Reached skill level 2 in Staves
   321 | D:2      | Reached XP level 3. HP: 20/20 MP: 4/4
   440 | D:2      | Reached skill level 3 in Staves
   557 | D:2      | Reached XP level 4. HP: 25/25 MP: 3/5
   600 | D:2      | Reached skill level 1 in Spellcasting
   742 | D:3      | Found a deep blue altar of Sif Muna.
  1045 | D:3      | Reached XP level 5. HP: 28/28 MP: 9/9
  1081 | D:3      | Reached skill level 2 in Spellcasting
  1204 | D:4      | Noticed Pikel
  1204 | D:4      | Noticed a slave
  1204 | D:4      | Noticed a slave
  1205 | D:4      | Noticed a slave
  1205 | D:4      | Noticed a slave
  1235 | D:4      | Killed a slave
  1250 | D:4      | Killed a slave
  1255 | D:4      | Killed Pikel
  1255 | D:4      | Reached skill level 5 in Staves
  1255 | D:4      | Reached skill level 4 in Spellcasting
  1255 | D:4      | Gained mutation: You heal very quickly. [vine stalker growth]
  1255 | D:4      | Reached XP level 6. HP: 27/32 MP: 9/17
  1255 | D:4      | Reached XP level 7. HP: 30/36 MP: 9/18
  1361 | D:4      | Found a bloodstained altar of Trog.
  1599 | D:4      | Reached skill level 5 in Spellcasting
  1705 | D:5      | Entered Level 5 of the Dungeon
  1705 | D:5      | Found a staircase to the Ecumenical Temple.
  1740 | D:5      | the staircase to the Ecumenical Temple was a mimic.
  1770 | D:5      | Reached skill level 6 in Staves
  1770 | D:5      | Gained mutation: You have razor-sharp teeth. [vine stalker growth]
  1770 | D:5      | Reached XP level 8. HP: 17/42 MP: 6/21
  1774 | D:5      | HP: 10/42 [centaur (3)]
  1778 | D:5      | Reached skill level 1 in Dodging
  1840 | D:5      | Reached skill level 4 in Fighting
  2000 | D:5      | Got a twisted whip
  2005 | D:5      | Identified the +7,+4 whip of Conservatism {vamp, rF+} (You found it on level 5 of the Dungeon)
  2063 | D:5      | Reached skill level 1 in Maces & Flails
  2069 | D:5      | Learned a level 1 spell: Apportation
  2070 | D:5      | Found a burning altar of Makhleb.
  2135 | D:5      | Reached skill level 2 in Maces & Flails
  2246 | D:6      | Reached skill level 3 in Maces & Flails
  2290 | D:6      | Found a staircase to the Ecumenical Temple.
  2304 | Temple   | Entered the Ecumenical Temple
  2358 | Temple   | Upgraded the game from 0.14-a0-3350-g14ab857 to 0.14-a0-3424-g5348755
  2358 | Temple   | Upgraded the game from 0.14-a0-3424-g5348755 to 0.14-a0-3445-g2afddda
  2396 | Temple   | Became a worshipper of Warmaster Okawaru
  2756 | D:6      | Reached skill level 4 in Maces & Flails
  2777 | D:6      | Found a sand-covered staircase.
  2791 | Ossuary  | Entered an ossuary
  2894 | Ossuary  | Reached skill level 5 in Maces & Flails
  3285 | D:6      | Reached skill level 6 in Maces & Flails
  3663 | D:7      | Reached XP level 9. HP: 43/45 MP: 19/22
  3758 | D:7      | Reached skill level 7 in Maces & Flails
  3876 | D:7      | Noticed a troll
  3903 | D:7      | Killed a troll
  3903 | D:7      | Acquired Okawaru's first power
  4761 | D:8      | Reached skill level 5 in Dodging
  5191 | D:8      | Reached XP level 10. HP: 25/50 MP: 14/24
  5506 | D:9      | Reached skill level 5 in Fighting
  5646 | D:9      | Found a staircase to the Orcish Mines.
  6189 | D:10     | Entered Level 10 of the Dungeon
  6452 | D:10     | Identified a scroll of acquirement
  6906 | D:11     | Reached skill level 8 in Fighting
  7129 | D:11     | Found a blossoming altar of Fedhas.
  7143 | D:11     | Reached XP level 11. HP: 60/60 MP: 25/25
  7145 | D:11     | Reached skill level 9 in Fighting
  7288 | D:11     | Noticed a black mamba
  7294 | D:11     | Reached skill level 1 in Invocations
  7299 | D:11     | Killed a black mamba
  7299 | D:11     | Acquired Okawaru's second power
  7358 | D:11     | Noticed Harold
  7479 | D:11     | Killed Harold
  7539 | D:11     | Found a staircase to the Lair.
  7654 | D:11     | Reached skill level 5 in Invocations
  7764 | D:11     | Found Wankiv's General Store.
  7776 | D:11     | Bought 7 curare-tipped needles for 54 gold pieces
  7904 | D:11     | Noticed Erolcha
  7960 | D:11     | Bloax: https://crawl.develz.org/tavern/viewtopic.php?f=8&t=11448
  7960 | D:11     | Bloax: I almost want this to be a thing.
  7960 | D:11     | Bloax: Just so that we can finally have solid proof of why this shit doesn't work.
  7960 | D:11     | wanderscummer: bcadren does propose a lot of things
  7960 | D:11     | wanderscummer: but just you wait until I finish my new proposal
  7960 | D:11     | Bloax: well there goes one interesting proposal
  7960 | D:11     | Bloax: https://crawl.develz.org/tavern/viewtopic.php?f=8&t=11450
  7960 | D:11     | wanderscummer: there we go
  7961 | Lair:1   | Entered Level 1 of the Lair of Beasts
  8132 | Lair:1   | Received a gift from Okawaru
  8144 | Lair:1   | Got a steaming helmet {god gift}
  8147 | Lair:1   | Identified the +2 helmet "Wouw" {+Inv Str+3 Int+1} (Okawaru gifted it to you on level 1 of the Lair of Beasts)
  8147 | Lair:1   | wanderscummer: Wouw indeed
  8147 | Lair:1   | Bloax: wouw good god gifts
  8495 | Lair:1   | Gained mutation: You regenerate. [vine stalker growth]
  8495 | Lair:1   | Reached XP level 12. HP: 24/67 MP: 19/26
  8704 | Lair:1   | Reached skill level 5 in Evocations
  9754 | Lair:3   | Noticed a seven-headed hydra
  9764 | Lair:3   | Killed a seven-headed hydra
  9764 | Lair:3   | Reached skill level 10 in Fighting
  9853 | Lair:3   | Received a gift from Okawaru
 10095 | Lair:3   | Bloax: ?EA, two rings.
 10096 | Lair:3   | Bloax: Not bad.
 10133 | Lair:3   | wanderscummer: oh wow
 10133 | Lair:3   | Bloax: oh my
 10133 | Lair:3   | wanderscummer: I can't believe it
 10136 | Lair:3   | Noticed Rupert
 10136 | Lair:3   | Noticed Erica
 10138 | Lair:3   | Bloax: haha
 10138 | Lair:3   | Bloax: that's just amazing
 10138 | Lair:3   | wanderscummer: of course
 10141 | Lair:3   | Bloax: that's hilarious
 10170 | Lair:3   | Killed Erica
 10170 | Lair:3   | Reached skill level 11 in Fighting
 10176 | Lair:3   | wanderscummer: hm
 10176 | Lair:3   | Bloax: and yes he's awake
 10176 | Lair:3   | Bloax: damn shouters
 10176 | Lair:3   | wanderscummer: I can probably beat the shit out of roop
 10177 | Lair:3   | Bloax: the problem is just
 10177 | Lair:3   | Bloax: that so can he
 10177 | Lair:3   | Bloax: with a couple of good hits
 10177 | Lair:3   | wanderscummer: don'tcha worry bloax
 10208 | Lair:3   | Bloax: an heroism
 10249 | Lair:3   | Killed Rupert
 10261 | Lair:3   | wanderscummer: silly roop
 10272 | Lair:3   | Got a sheer robe
 10273 | Lair:3   | Bloax: sheer robe
 10273 | Lair:3   | Bloax: out of sheer shittiness
 10281 | Lair:3   | Identified the cursed -5 robe "Giraowaw" {SInv} (You found it on level 3 of the Lair of Beasts)
 10281 | Lair:3   | wanderscummer: wow
 10281 | Lair:3   | Bloax: waw
 10281 | Lair:3   | wanderscummer: a whole new level of shit
 10406 | Lair:3   | Bloax: So what's the plan for the race proposal?
 10417 | Lair:3   | wanderscummer: hm?
 10417 | Lair:3   | wanderscummer: I made my grandiose proposal already
 10417 | Lair:3   | Bloax: wanderscummer: but just you wait until I finish my new proposal
 10417 | Lair:3   | wanderscummer: mite wanna check gdd
 10417 | Lair:3   | wanderscummer: and prepare to be
 10417 | Lair:3   | wanderscummer: astounded
 10488 | Lair:3   | wanderscummer: oh
 10488 | Lair:3   | Bloax: kek
 10498 | Lair:3   | Bloax: it's
 10498 | Lair:3   | wanderscummer: shit
 10498 | Lair:3   | Bloax: unrandart season
 10501 | Lair:3   | wanderscummer: hm
 10501 | Lair:3   | wanderscummer: dragonmask tile looks so silly
 10579 | Lair:3   | Bloax: all these cursed glowy items
 10625 | Lair:3   | Bloax: are getting real cursed glowy on my nerves
 10633 | Lair:3   | wanderscummer: crushing your dreams
 10633 | Lair:3   | Bloax: especially past d:3
 10666 | Lair:3   | wanderscummer: oh boy
 10707 | Lair:3   | Gained mutation: You have a somewhat thin skeletal structure (Dex +2, Stlth). [potion of beneficial mutation]
 10725 | Lair:3   | Bloax: oh nooo
 11043 | Lair:4   | Reached XP level 13. HP: 74/74 MP: 27/27
 11072 | Lair:4   | Received a gift from Okawaru
 11073 | Lair:4   | Got a smoking helmet {god gift}
 11077 | Lair:4   | Identified the +2 helmet "Mytoah" {Str+3} (Okawaru gifted it to you on level 4 of the Lair of Beasts)
 11077 | Lair:4   | Bloax: smokin' useless helmet
 11077 | Lair:4   | wanderscummer: unwow
 11121 | Lair:4   | Reached skill level 12 in Fighting
 11374 | Lair:4   | Found a hole to the Spider Nest.
 11509 | Lair:4   | wanderscummer: wait
 11509 | Lair:4   | wanderscummer: what
 11557 | Lair:4   | Got a brightly glowing claymore
 11558 | Lair:4   | Identified the +3,+2 claymore of the Big Bang {drain, +Blink +Inv rF++ MR+ Dex+2} (You found it on level 4 of the Lair of Beasts)
 11559 | Lair:4   | wanderscummer: why couldn't you be +12
 11559 | Lair:4   | wanderscummer: and vamp
 11559 | Lair:4   | Bloax: ehhhhhh
 11559 | Lair:4   | Bloax: it's ok
 11559 | Lair:4   | Bloax: blink, rf++
 11559 | Lair:4   | Bloax: bretty good weapon properties
 11561 | Lair:4   | wanderscummer: 1.9
 11561 | Lair:4   | wanderscummer: sure
 11631 | Lair:4   | Bloax: >not swapping weapon class for the third time in a game
 11937 | Lair:5   | wanderscummer: seriously
 11937 | Lair:5   | Bloax: is this forest
 11937 | Lair:5   | wanderscummer: spriggans just like that
 12222 | Lair:5   | Found a staircase to the Swamp.
 12236 | Lair:5   | Reached skill level 1 in Shields
 12243 | Lair:5   | wanderscummer: hm
 12243 | Lair:5   | wanderscummer: do we want swda?
 12243 | Lair:5   | Bloax: got rpois yet
 12243 | Lair:5   | wanderscummer: nope
 12243 | Lair:5   | Bloax: op
 12243 | Lair:5   | Bloax: guess it's swda for the moment
 12243 | Lair:5   | wanderscummer: oh cure poison
 12247 | Lair:5   | Bloax: rng says no
 12247 | Lair:5   | wanderscummer: welp
 12260 | Lair:5   | Bloax: thanks obama
 12754 | Lair:5   | wanderscummer: wait I have wiz already
 12754 | Lair:5   | wanderscummer: what the fuck do I want staves for
 12838 | Lair:6   | Got a pair of brightly glowing gloves
 12848 | Lair:6   | Identified the +3 pair of gloves "Shexemec" {Str+2 Int+3} (You acquired it on level 6 of the Lair of Beasts)
 12967 | Lair:6   | Received a gift from Okawaru
 12999 | Lair:6   | Reached skill level 10 in Maces & Flails
 13093 | Lair:6   | wanderscummer: ahaha
 13093 | Lair:6   | wanderscummer: ahahaHAHA
 13093 | Lair:6   | wanderscummer: AHAHAHA
 13914 | Lair:7   | Noticed Fannar
 14315 | Lair:7   | Killed Fannar
 14315 | Lair:7   | Reached skill level 1 in Translocations
 14385 | Lair:7   | Bloax: wot
 14386 | Lair:8   | Entered Level 8 of the Lair of Beasts
 14387 | Lair:8   | Bloax: oh
 14388 | Lair:8   | Bloax: oh my
 14588 | Lair:8   | Reached XP level 14. HP: 80/80 MP: 28/28
 14605 | Lair:8   | wanderscummer: hello pond
 14623 | Lair:8   | Found a staircase to the Slime Pits.
 14624 | Lair:8   | Found a viscous altar of Jiyva.
 14626 | Lair:8   | Received a gift from Okawaru
 14634 | Lair:8   | wanderscummer: aw
 14634 | Lair:8   | Bloax: inb4vamp
 14767 | Lair:8   | wanderscummer: so uh
 14767 | Lair:8   | wanderscummer: it's a bit sad we could train nothing but staves until zot
 14767 | Lair:8   | wanderscummer: and the game would still be won
 14767 | Lair:8   | wanderscummer: oh well
 15308 | Lair:8   | Found a burning altar of Makhleb.
 15320 | Lair:8   | Bloax: but instead the game decided to spice things up
 15368 | Lair:8   | Reached skill level 5 in Stealth
 15377 | Lair:8   | Found a gateway to Hell.
 15481 | Lair:7   | wanderscummer: hm, gonna go have lunch
 15481 | Lair:7   | wanderscummer: hey do you wanna keep on playing?
 15481 | Lair:7   | wanderscummer: could be fun to play alternating
 15481 | Lair:7   | Bloax: alright
 15481 | Lair:7   | Bloax: although i'm gonna fuck this character in the ass
 15481 | Lair:7   | Bloax: but who cares
 15758 | D:12     | Reached skill level 1 in Long Blades
 16278 | D:12     | Received a gift from Okawaru
 16279 | D:12     | Got a brightly glowing bastard sword {god gift}
 16281 | D:12     | Identified the +3,+11 bastard sword of Midnight {venom, +Rage rPois Int+3} (Okawaru gifted it to you on level 12 of the Dungeon)
 16282 | D:12     | shit man
 16282 | D:12     | i don't even know anymore
 16282 | D:12     | i just don't
 16282 | D:12     | know
 16398 | D:12     | ew veggies
 16444 | D:12     | Learned a level 5 spell: Phase Shift
 16449 | D:12     | Learned a level 4 spell: Control Teleport
 16476 | D:12     | Reached skill level 5 in Translocations
 16540 | D:12     | I like this vault.
 16841 | D:13     | Noticed Restia's ghost (powerful DsMo)
 16855 | D:13     | Killed Restia's ghost
 16858 | D:13     | rip
 16863 | D:13     | a stick of fucking fast for free
 16863 | D:13     | now there's a deal i like
 16891 | D:13     | Learned a level 7 spell: Controlled Blink
 17043 | D:13     | Paralysed by a giant eyeball for 3 turns
 17311 | Orc:1    | Entered Level 1 of the Orcish Mines
 17319 | Orc:1    | Reached skill level 4 in Long Blades
 17329 | Orc:1    | Received a gift from Okawaru
 17470 | Orc:1    | Reached XP level 15. HP: 84/84 MP: 28/28
 17670 | Orc:1    | Found a roughly hewn altar of Beogh.
 17871 | Orc:1    | Reached skill level 7 in Translocations
 18318 | Orc:3    | Reached skill level 5 in Long Blades
 18416 | Orc:3    | Noticed Psyche
 18428 | Orc:3    | Killed Psyche
 18864 | Orc:4    | Entered Level 4 of the Orcish Mines
 19023 | Orc:4    | Found a staircase to the Elven Halls.
 19238 | Orc:4    | Noticed Nergalle
 19258 | Orc:4    | Killed Nergalle
 19274 | Orc:4    | Found a roughly hewn altar of Beogh.
 19280 | Orc:4    | Noticed Urug
 19299 | Orc:4    | Reached skill level 6 in Long Blades
 19299 | Orc:4    | Reached skill level 8 in Translocations
 19322 | Orc:4    | Received a gift from Okawaru
 19350 | Orc:4    | Killed Urug
 19430 | Orc:4    | Found Nempim's Antique Weapon Boutique.
 19478 | Orc:4    | Found Upteb's Antique Armour Boutique.
 19494 | Orc:4    | Found Otridaxku's General Store.
 19502 | Orc:4    | Bought a scroll of identify for 28 gold pieces
 19532 | Orc:4    | Found Fraorin's Jewellery Boutique.
 19538 | Orc:4    | Fraorin's Jewellery Boutique was a mimic.
 19648 | Orc:4    | Bought the +1 pair of gloves "Xymuorro" {rElec rPois MR+} for 466 gold pieces
 19648 | Orc:4    | Bought a scroll of magic mapping for 49 gold pieces
 19665 | Orc:4    | Bought a glowing ring mail for 104 gold pieces
 19709 | Orc:4    | Found a roughly hewn altar of Beogh.
 20335 | D:14     | Got a faintly glowing large shield
 20346 | D:14     | Identified the +1 large shield "Skaas" {Dex+4 Int-3} (You found it on level 14 of the Dungeon)
 20346 | D:14     | lol
 20512 | D:14     | Reached skill level 7 in Long Blades
 20512 | D:14     | Reached skill level 9 in Translocations
 21040 | D:15     | Entered Level 15 of the Dungeon
 21040 | D:15     | Noticed Azrael
 21041 | D:15     | ok
 21048 | D:15     | HP: 13/84 [fire elemental[Azrael] (10)]
 21054 | D:15     | HP: 15/84 [centaur warrior/arrow (2)]
 21062 | D:15     | HP: 14/84 [purple ugly thing (4)]
 21066 | D:15     | HP: 4/84 [Azrael/fireball (12)]
 21066 | D:15     | Slain by a fire elemental

Vanquished Creatures
  Rupert (Lair:3)
  2 orc warlords (Orc:4)
  Fannar (Lair:7)
  Harold (D:11)
  The ghost of Restia the Cruncher, a powerful DsMo of Okawaru (D:13)
  7 hydras
  Erica (Lair:3)
  2 alligators (D:12)
  An orc high priest (Orc:4)
  Urug (Orc:4)
  2 sun demons
  2 centaur warriors
  Nergalle (Orc:4)
  2 unseen horrors (D:12)
  2 lindwurms (D:12)
  A swamp dragon (Lair:5)
  A wizard (Lair:8)
  Pikel (D:4)
  6 orc knights
  3 cyclopes
  2 hill giants
  2 orc sorcerers (Orc:4)
  2 manticores
  A sixfirhy (Orc:4)
  A griffon (Lair:8)
  10 black mambas
  An octopode (D:14)
  A black mamba (shapeshifter) (D:11)
  7 spiny frogs
  3 orange demons (Lair:8)
  3 feature mimics
  Psyche (Orc:3)
  A kobold demonologist (D:12)
  A smoke demon (Lair:8)
  A demonic crawler (Lair:4)
  4 komodo dragons
  5 trolls
  A hellwing (Lair:8)
  6 fire drakes
  2 red devils (Lair:8)
  4 wandering mushrooms (D:11)
  4 slime creatures (D:12)
  2 two-headed ogres
  5 blue devils (Lair:8)
  2 boulder beetles
  5 basilisks
  A shadow (D:11)
  A grizzly bear (Lair:5)
  25 blink frogs
  A trapdoor spider (D:11)
  6 deep elf magi
  5 sharks
  A spriggan (Lair:5)
  A water elemental (D:14)
  A fire elemental (D:15)
  36 yaks
  3 hungry ghosts
  A hill giant zombie (D:11)
  7 hippogriffs
  7 ugly things
  3 deep elf fighters (D:14)
  2 fire bats (D:12)
  2 wyverns
  9 vampire mosquitoes
  19 wolves
  A human zombie (D:13)
  3 wargs
  17 water moccasins
  2 ice beasts
  A mottled dragon (D:11)
  34 orc warriors
  3 phantoms (D:9)
  8 porcupines
  2 giant goldfish (Lair:4)
  2 black bears
  A sky beast (D:11)
  4 ogres
  14 crocodiles
  2 slaves (D:4)
  A boring beetle (Lair:8)
  3 centaurs
  15 giant slugs
  2 big kobolds
  A gnoll sergeant (D:10)
  13 giant frogs
  A cyclops skeleton (D:12)
  2 eyes of draining (D:12)
  A hippogriff zombie (D:7)
  5 scorpions
  3 troll zombies (D:9)
  4 electric eels
  8 wights
  A hippogriff skeleton (D:11)
  5 killer bees (D:11)
  2 vampire bats (D:12)
  A giant frog zombie (D:9)
  5 crimson imps
  34 orc priests
  5 big fish
  2 goliath beetles (D:11)
  11 hounds
  2 two-headed ogre zombies
  A centaur skeleton (D:4)
  7 iguanas
  A giant frog skeleton (D:12)
  5 jellies
  41 orc wizards
  8 worker ants
  A two-headed ogre skeleton (D:7)
  14 sheep
  5 ogre zombies (D:9)
  5 big kobold zombies (Ossuary)
  A hound zombie (D:8)
  A mottled dragon skeleton (D:13)
  5 mummies
  A worker ant zombie (D:11)
  7 gnolls (D:10)
  46 green rats
  5 shadow imps
  3 giant mites
  22 adders
  An inept feature mimic (D:5)
  19 worms
  An iguana zombie (D:9)
  An adder skeleton (D:6)
  3 orc skeletons
  A giant eyeball (D:13)
  13 giant geckos
  An ooze (D:7)
  185 orcs
  24 bats
  A giant cockroach (D:1)
  13 goblins
  25 hobgoblins
  32 jackals
  16 kobolds
  15 quokkas
  3 ball pythons (D:12)
  9 giant newts
  2 goblin skeletons (D:9)
  4 goblin zombies (D:9)
  A hobgoblin skeleton (D:9)
  4 hobgoblin zombies
  A kobold zombie (Ossuary)
  16 orc zombies
  19 rats
  5 fungi
1062 creatures vanquished.

Vanquished Creatures (others)
  3 wolves (Lair:6)
  A fungus (Lair:3)
4 creatures vanquished.

Grand Total: 1066 creatures vanquished
